 Dungeon Crawl Stone Soup version 0.32-a0-7-ge934b4519a (webtiles) character file.

Game seed: 3825202262846094853

52 timneilson the Ruffian (level 3, -3/24 HPs)
             Began as an Octopode Shapeshifter on Jan 13, 2024.
             Slain by a gnoll
             ... wielding a +0 spear of venom
              (4 damage)
             ... on level 2 of the Dungeon.
             The game lasted 00:02:10 (1529 turns).

timneilson the Ruffian (Octopode Shapeshifter)      Turns: 1529, Time: 00:02:10

Health: -3/24      AC:  1    Str: 15    XL:     3   Next: 85%
Magic:  3/3        EV: 13    Int: 12    God:
Gold:   63         SH:  0    Dex: 11    Spells: 2/2 levels left

rFire   . .          .
                       - Unarmed
rCold   . . .        (no shield)
rNeg    . . .        (helmet currently unavailable)
rPois   .            (no amulet)
rElec   .            (no ring)
rCorr   .            (no ring)
SInv    .            (no ring)
Will    .....        (no ring)
Stlth   +++          (no ring)
HPRegen 0.24/turn    (no ring)
MPRegen 0.08/turn    (no ring)
                     (no ring)

%: no passive effects
@: lethally poisoned (-3 -> -10), beast-form
A: beast (slay +1), almost no armour, amphibious, 8 rings, camouflage 1,
gelatinous body 1, (nimble swimmer 1), tentacles
a: Begin Untransformation


You were on level 2 of the Dungeon.
You were a hulking beast.
You visited 1 branch of the dungeon, and saw 2 of its levels.

You collected 63 gold pieces.

Inventory:

Talismans
 b - a beast talisman
 c - a flux talisman
Scrolls
 d - 3 scrolls of identify
 e - a scroll of immolation
 f - a scroll of poison
 h - a scroll of enchant armour {unknown}
 i - a scroll of amnesia {unknown}
Potions
 a - a potion of lignification
 g - a potion of curing


   Skills:
 * Level 1.8 Fighting
 * Level 2.5 Dodging
 + Level 1.3 Stealth
 * Level 3.4 Unarmed Combat
 * Level 3.3 Shapeshifting


You had 2 spell levels left.
You didn't know any spells.
Your spell library contained the following spells:

 Spells                   Type           Power      Damage    Failure   Level
 Magic Dart               Conj           0%         1d3       32%         1
 Blink                    Tloc           0%         N/A       45%         2
 Call Imp                 Summ           0%         N/A       45%         2


Dungeon Overview and Level Annotations

Branches:
Dungeon (2/15)

Altars:
Elyvilon


Innate Abilities, Weirdness & Mutations

You are a hulking beast.
Your limbs bulge with bestial killing power. (Slay +1)
You cannot wear most types of armour.
You are amphibious.
You can wear up to eight rings at the same time.
Your skin changes colour to match your surroundings (Stealth+).
Your rubbery body absorbs attacks. (AC +1, EV +1)
((You are camouflaged when in or above water. (Stealth+)))
You have tentacles for arms and can constrict up to eight enemies at once.


Message History

A gnoll comes into view. It is wielding a +0 spear of venom.
A gnoll comes into view. It is wielding a +0 spear.
The gnoll shouts! x2; You hear a shout!
The gnoll barely misses you.
You closely miss the gnoll. Your grab misses the gnoll.
The gnoll hits you with a +0 spear. The gnoll completely misses you.
You tentacle-slap the gnoll. You grab the gnoll.
You squeeze the gnoll, but do no damage.
The gnoll is heavily wounded.
You constrict the gnoll, but do no damage.
The gnoll closely misses you.
The gnoll hits you from afar with a +0 spear of venom.
You tentacle-slap the gnoll. You squeeze the gnoll.
You kill the gnoll!
The gnoll hits you from afar with a +0 spear of venom.
You are lethally poisoned! 2 gnolls come into view.
* * * LOW HITPOINT WARNING * * *
You feel very sick.
Things that are here:
a +0 spear; a gnoll corpse It was a potion of curing.
You feel better. The gnoll barely misses you.
The gnoll shouts!
You tentacle-slap the gnoll. Your grab misses the gnoll.
Your tentacle-slap misses the gnoll.
You squeeze the gnoll.
The gnoll is moderately wounded.
The gnoll closely misses you.
You tentacle-slap the gnoll. Your grab misses the gnoll.
The gnoll is severely wounded.
The gnoll barely misses you. The gnoll hits you but does no damage.
You are poisoned.
The gnoll hits you from afar with a +0 spear!
* * * LOW HITPOINT WARNING * * *
You completely miss the gnoll. Your grab misses the gnoll.
The gnoll is severely wounded.
* * * LOW HITPOINT WARNING * * *
You feel very sick. The gnoll barely misses you.
The gnoll hits you with a +0 spear of venom.
You die...

#.# #......#.######### #.#
#...##.#.#........ #.#
#....#.#.#.#######
#######.######....#.#.#.##.....
..................#.#.#....####
#######.######.####.#.######
#.# #......#.....# #.#
#############.# #.#
#gh.....#####.##### #.#
#g#####.#.......... #.# #g
#.#.###...... #.# #.
#.#.......†.. #. #.#.#.#######
#. #.#.#.#...... ..
#.#.#.#....#. ## #.#.#.#.##.#.
#.#.#.#..#.#.


You could see 3 gnolls.

Vanquished Creatures
  An adder (D:2)
  A gnoll (D:2)
  2 dart slugs (D:2)
  A ribbon worm (D:2)
  4 ball pythons
  An endoplasm (D:2)
  A giant cockroach (D:1)
  2 goblins (D:1)
  3 hobgoblins
  4 jackals (D:1)
  3 bats
  A frilled lizard (D:1)
  A kobold (D:1)
  2 rats (D:1)
27 creatures vanquished.

Notes
Turn   | Place    | Note
-------+----------+-------------------------------------------
     0 | D:1      | timneilson the Octopode Shapeshifter began the quest for
                  | the Orb.
     0 | D:1      | Reached XP level 1. HP: 13/13 MP: 1/1
    59 | D:1      | Found a faded altar of an unknown god.
   277 | D:1      | Reached XP level 2. HP: 18/18 MP: 2/2
   784 | D:2      | Reached skill level 1 in Stealth
   784 | D:2      | Reached XP level 3. HP: 20/23 MP: 3/3
   952 | D:2      | Found a white marble altar of Elyvilon.
  1529 | D:2      | HP: 1/24 [poisoned by a gnoll]
  1529 | D:2      | Slain by a gnoll

Illustrated notes

Levels and vault maps discovered:
D:1:      tekkud_arrival_beachfront_property, layout_loops_ring,
          ebering_ecumenical_altar_sacrificial
D:2:      layout_basic, basic_altar, nicolae_hexahallways

Skill      XL: |  1  2 |
---------------+-------+-----
Stealth        | 1 |  1.3
Fighting       | |  1.8
Dodging        | |  2.5
Unarmed Combat | |  3.4
Shapeshifting  | |  3.3

Action                     || total
---------------------------++-------
  Melee: Unarmed           ||    53
         Constrict         ||    13
         Tentacles         ||    11
         Punch             ||     1
    Use: Scroll            ||     3
         Potion            ||     1
   Stab: Sleeping          ||     9
 Armour: Skin              ||    21
  Dodge: Dodged            ||    23

Table legend: (Time is in decaauts)
 A = Elapsed time spent in this place.
 B = Non-inter-level travel time spent in this place.
 C = Inter-level travel time spent in this place.
 D = Time resting spent in this place.
 E = Time spent auto-exploring this place.
 F = Levels seen in this place.
 G = Mean time per level.
                   A        B        C        D        E       F      G
               +--------+--------+--------+--------+--------+-----+--------+
         Total |   1525 |   1515 |     10 |     32 |   1240 |   2 |  762.5 |
       Dungeon |   1525 |   1515 |     10 |     32 |   1240 |   2 |  762.5 |
               +--------+--------+--------+--------+--------+-----+--------+

Top non-repeatable levels by time:
     D:2: 828 daAuts
     D:1: 696 daAuts
